AoeStats
← Hößi

Arabia

510495920Analyzed
1v1 RM · 1d ago on Oct 1, 2026· 45m 41s· 2 players
Game mode
Random Map
Map size
Tiny (2 player)
Population
200
Speed
Normal
Resources
Standard
Victory
Conquest
Starting age
Dark Age
Ending age
Imperial Age
RankedLock teamsTeams togetherTeam positionsShared explorationLock speedFull tech treeHidden civsTurbo modeCheats
Victory
Defeat
🇹🇷 Malians · Türkiye
1476
+12
🇩🇪 Bulgarians · Germany
1377
-12
Diamantidis
6:10 Loom
6:38 Loom
9:15 Feudal Age
10:52 Man-at-Arms
14:21 Arson
16:55 Scale Mail Armor
18:52 Double-Bit Axe
22:50 Castle Age
21:07 Gold Mining
21:09 Horse Collar
23:51 Bow Saw
25:09 Squires
26:09 Wheelbarrow
29:06 Chain Mail Armor
35:45 Imperial Age
33:24 Stone Mining
35:57 Hand Cart
35:27 Town Watch
37:12 Conscription
36:37 Elite Gbeto
38:13 Ballistics
38:41 Masonry
39:37 Chemistry
41:16 Plate Mail Armor
42:18 Fletching
45:21 Forging
45:50 Gold Shaft Mining
Hößi
11:58 Feudal Age
14:48 Loom
17:58 Castle Age
22:03 Double-Bit Axe
24:08 Horse Collar
25:57 Fervor
26:57 Husbandry
28:13 Bloodlines
28:16 Scale Barding Armor
30:18 Bow Saw
30:10 Heavy Plow
30:52 Wheelbarrow
31:49 Chain Barding Armor
33:14 Forging
33:48 Gold Mining
34:17 Hand Cart
34:26 Town Watch
36:04 Iron Casting
39:34 Imperial Age
37:26 Stone Mining
37:49 Fletching
37:27 Light Cavalry
38:15 Squires
38:36 Scale Mail Armor
38:06 Pikeman
39:37 Masonry
40:09 Gold Shaft Mining
40:13 Stone Shaft Mining
39:36 Bodkin Arrow
40:57 Plate Barding Armor
39:48 Cavalier
44:10 Hussar
45:38 Architecture
Connection lost

Rejoining the realm…

Still unreachable

The connection could not be restored.

Session expired

The server has moved on; the page needs a fresh start.